 Dungeon Crawl Stone Soup version 0.17.0-28-g6e173f8 (webtiles) character file.

343 dohliylev the Ducker (level 6, 0/59 HPs)
             Began as a Troll Warper on Nov 30, 2015.
             Was an Initiate of Nemelex Xobeh.
             Slain by a gnoll
             ... wielding a +0 whip
              (6 damage)
             ... on level 3 of the Dungeon.
             The game lasted 00:10:32 (2092 turns).

dohliylev the Ducker (Troll Warper)                 Turns: 2092, Time: 00:10:32

Health: 0/59       AC:  5    Str: 22    XL:     6   Next: 31%
Magic:  7/7        EV:  9    Int:  9    God:    Nemelex Xobeh [......]
Gold:   123        SH:  0    Dex:  3    Spells: 1 memorised, 7 levels left

rFire  . . .     SeeInvis .       - Unarmed
rCold  . . .     Clarity  .     a - +0 robe
rNeg   . . .     SustAt   .     (no shield)
rPois  .         Gourm    +     (helmet restricted)
rElec  .         Spirit   .     (no cloak)
rCorr  .         Warding  .     (gloves unavailable)
rMut   .         Stasis   .     (boots unavailable)
MR     .....                    l - amulet of inaccuracy (curse)
Stlth  +.........               (no ring)
                                p - -6 ring of dexterity (curse)

@: not resistant to hostile enchantments, very unstealthy
A: unfitting armour, claws 3, fast metabolism 3, gourmand, regeneration 2,
shaggy fur 1, tough skin 2
a: Renounce Religion


You were on level 3 of the Dungeon.
You worshipped Nemelex Xobeh.
Nemelex Xobeh was noncommittal.
You were very full.

You visited 1 branch of the dungeon, and saw 3 of its levels.

You collected 123 gold pieces.

Inventory:

Missiles
 d - 5 tomahawks of dispersal (quivered)
 f - 2 tomahawks
 j - a throwing net
Armour
 a - a +0 robe (worn)
Jewellery
 l - a cursed amulet of inaccuracy (around neck)
 p - a cursed -6 ring of dexterity (left claw)
Scrolls
 c - a scroll of blinking
 h - 2 scrolls of recharging
 i - 3 scrolls of identify
 m - a scroll of enchant weapon {unknown}
 o - a scroll of noise {unknown}
 s - 2 scrolls of random uselessness
Potions
 g - a potion of cure mutation {unknown}
 k - a potion of heal wounds {unknown}
 n - 2 potions of experience {unknown}
 q - a potion of flight {unknown}
 r - 3 potions of curing
Books
 b - a book of Spatial Translocations

   Spells                             Type                      Level
   a - Apportation                    Translocation                1
   b - Blink                          Translocation                2
   c - Shroud of Golubria             Charms/Translocation         2
   d - Portal Projectile              Translocation                3
   e - Teleport Other                 Translocation                3
   f - Passage of Golubria            Translocation                4
Miscellaneous
 u - an ornate deck of escape
Comestibles
 e - 2 bread rations
 v - 5 fruits
 w - a slice of pizza


   Skills:
 + Level 2.6 Fighting
 + Level 0.8 Throwing
 + Level 3.8 Dodging
 + Level 0.2 Stealth
 + Level 3.5 Unarmed Combat
 + Level 1.8 Spellcasting
 + Level 2.7 Translocations


You had 7 spell levels left.
You knew the following spells:

 Your Spells              Type           Power        Failure   Level  Hunger
a - Apportation           Tloc           #.........   12%         1    ##.....


Dungeon Overview and Level Annotations

Branches:
Dungeon (3/15)

Altars:
Nemelex Xobeh
Qazlal
Yredelemnul


Innate Abilities, Weirdness & Mutations

You are too large for most types of armour.
You have claws for hands.
Your metabolism is lightning-fast.
You like to eat raw meat.
You heal very quickly.
You are covered in fur (AC +1).
You have very tough skin (AC +2).


Message History

You miss the gnoll.
The gnoll is moderately wounded.
The gnoll hits you with a whip.
* * * LOW HITPOINT WARNING * * *
You scratch the gnoll but do no damage. You claw the gnoll.
The gnoll is heavily wounded.
The gnoll closely misses you.
You barely miss the gnoll.
The gnoll is heavily wounded.
The gnoll completely misses you. The gnoll hits you but does no damage.
The gnoll hits you with a whip!
* * * LOW HITPOINT WARNING * * *
The gnoll hits you but does no damage. The gnoll barely misses you.
The gnoll closely misses you. The gnoll hits you with a whip.
* * * LOW HITPOINT WARNING * * *
The gnoll hits you with a whip.
You die...
Your body disappears without a glow.

#.#.########.#
#.#.# #.# #.#.#
#.# #g#.# #.#
#.#.# #.# #g#.#
#.# #.#.### #.#
#g#...# #<#
#@#...# #.#
#.#...# #.#
#.#...# #^#
#.#...######.##
#.#...'.......#
#.#...######..#
#.##### #..#
#.# #..# #.#
#..#


You could see 3 gnolls.

Vanquished Creatures
  Sigmund (D:2)
  Ijyb (D:2)
  A gnoll shaman (D:3)
  Terence (D:2)
  4 adders (D:2)
  2 oozes
  A worm (D:2)
  A ball python (D:2)
  8 bats
  7 giant cockroaches
  5 hobgoblins
  6 jackals (D:1)
  3 kobolds
  4 giant newts
  6 goblins
  8 rats
59 creatures vanquished.

Notes
Turn   | Place    | Note
--------------------------------------------------------------
     0 | D:1      | dohliylev the Troll Warper began the quest for the Orb.
     0 | D:1      | Reached XP level 1. HP: 19/19 MP: 1/1
    77 | D:1      | Reached XP level 2. HP: 18/28 MP: 3/3
   532 | D:1      | Reached XP level 3. HP: 35/35 MP: 4/4
  1146 | D:2      | Noticed Ijyb
  1152 | D:2      | Killed Ijyb
  1152 | D:2      | Reached XP level 4. HP: 37/42 MP: 5/5
  1179 | D:2      | Found a sparkling altar of Nemelex Xobeh.
  1180 | D:2      | Found a stormy altar of Qazlal.
  1215 | D:2      | Noticed Sigmund
  1229 | D:2      | Killed Sigmund
  1229 | D:2      | Reached skill level 3 in Dodging
  1229 | D:2      | Reached XP level 5. HP: 36/50 MP: 6/6
  1642 | D:2      | Found a basalt altar of Yredelemnul.
  1650 | D:2      | Reached XP level 6. HP: 58/58 MP: 7/7
  1652 | D:2      | Noticed Terence
  1675 | D:2      | Killed Terence
  1818 | D:2      | Became a worshipper of Nemelex Xobeh the Trickster
  1863 | D:3      | Received a gift from Nemelex Xobeh
  2092 | D:3      | Slain by a gnoll

Action                   |  1- 3 |  4- 6 || total
-------------------------+-------+-------++-------
Melee: Unarmed           |   151 |    99 ||   250
 Cast: Apportation       |    13 |       ||    13
  Use: Scroll            |       |     3 ||     3
  Eat: Chunk             |    16 |     9 ||    25
